 Dungeon Crawl Stone Soup version 0.24.0-13-gcf9b319 (webtiles) character file.

Game seed: 16041842054167773278, levelgen mode: deterministic

44 Bronimir the Firebug (level 3, -2/19 HPs)
             Began as a Tengu Fire Elementalist on Mar 28, 2020.
             Slain by Terence
             ... wielding a +0 trident
              (7 damage)
             ... on level 2 of the Dungeon.
             The game lasted 00:03:43 (900 turns).

Bronimir the Firebug (Tengu Fire Elementalist)       Turns: 900, Time: 00:03:44

Health: -2/19      AC:  2    Str:  8    XL:     3   Next: 62%
Magic:  3/8        EV: 13    Int: 16    God:
Gold:   43         SH:  0    Dex: 14    Spells: 6/7 levels left

rFire    . . .     SeeInvis .   a - +2 whip (venom)
rCold    . . .     Gourm    .   (no shield)
rNeg     . . .     Faith    .   f - +0 robe
rPois    .         Spirit   .   (helmet restricted)
rElec    .         Reflect  .   (no cloak)
rCorr    .         Harm     .   (no gloves)
MR       .....                  (boots unavailable)
Stlth    ++........             (no amulet)
HPRegen  0.06/turn              (no ring)
MPRegen  0.11/turn              (no ring)

@: no status effects
A: beak, talons 3
a: no special abilities


You were on level 2 of the Dungeon.
You were not hungry.

You visited 1 branch of the dungeon, and saw 2 of its levels.

You collected 43 gold pieces.

Inventory:

Hand Weapons
 a - a +2 whip of venom (weapon)
 d - a +0 dagger
Missiles
 e - 28 arrows
 k - 66 stones
 l - 13 poisoned darts (quivered)
Armour
 f - a +0 robe (worn)
Jewellery
 g - a +2 ring of evasion {unknown}
Scrolls
 b - 2 scrolls of remove curse {unknown}
 h - 2 scrolls of identify {unknown}
 i - a scroll of immolation {unknown}
 j - a scroll of fear {unknown}
 n - a scroll of amnesia {unknown}
Potions
 m - a potion of haste {unknown}
 o - a potion of flight {unknown}
Comestibles
 c - 5 rations


   Skills:
 + Level 0.1 Fighting
 + Level 0.1 Short Blades
 + Level 0.4 Throwing
 + Level 2.3 Dodging
 + Level 2.1 Stealth
 + Level 2.6 Spellcasting
 + Level 1.9 Conjurations
 + Level 3.9 Fire Magic


You had 6 spell levels left.
You knew the following spells:

 Your Spells              Type           Power        Failure   Level  Hunger
a - Flame Tongue          Conj/Fire      ##...        6%          1    #......

Your spell library contained the following spells:

 Spells                   Type           Power        Failure   Level  Hunger
 Throw Flame              Conj/Fire      ##....       9%          2    ##.....
 Conjure Flame            Conj/Fire      ##......     19%         3    ###....
 Inner Flame              Hex/Fire       #.......     26%         3    ###....
 Sticky Flame             Conj/Fire      ##......     52%         4    #####..
 Fireball                 Conj/Fire      ##........   86%         5    ######.


Dungeon Overview and Level Annotations

Branches:
Dungeon (2/15)

Altars:

Annotations:
D:2 Robin, Terence


Innate Abilities, Weirdness & Mutations

You have a beak for a mouth.
You have claws for feet.


Message History

Robin points. "Kill!"
Terence the Incautious comes into view.
He is wielding a +0 trident.
The goblin enters a dispersal trap!
The goblin blinks!
Terence blinks!
The goblin blinks!
You blink.
The goblin blinks!
Terence enters a dispersal trap!
The goblin blinks! x2; Robin blinks!
The goblin blinks!
You blink.
Terence blinks!
Robin hits you with a +0 spear.
Found a metallic emerald potion.
Robin closely misses you. The goblin closely misses you.
Robin says, "My army is invincible!"
Robin throws the goblin at you!
You closely miss the goblin.
The goblin no longer looks unusually strong.
The goblin barely misses you. The goblin closely misses you.
Terence hits you from afar with a +0 trident.
Robin hits you but does no damage. The goblin closely misses you.
The goblin hits you with a +0 dagger.
* * * LOW HITPOINT WARNING * * *
Terence hits you from afar with a +0 trident!
You die...

##..####### #.#....@...
##.g####### #.l###### .
#[..)...# ##
....#####..^....# ..
.....†.)..†...@.###.####
....#####.#gg...........
. #.#.@g.g<##.###
#.#.#.##.# #.#.#<##.#
#.#.#.##.# #.#.#.....
.#...##.# ....!...
#...#..#


You could see Terence, Robin, 4 goblins and a frilled lizard.

Vanquished Creatures
  2 dart slugs
  A leopard gecko (D:1)
  5 bats
  2 giant cockroaches (D:1)
  8 goblins
  5 hobgoblins
  2 frilled lizards (D:1)
  4 kobolds (D:1)
  8 rats
37 creatures vanquished.

Notes
Turn   | Place    | Note
-------+----------+-------------------------------------------
     0 | D:1      | Bronimir the Tengu Fire Elementalist began the quest for
                  | the Orb.
     0 | D:1      | Reached XP level 1. HP: 10/10 MP: 4/4
   150 | D:1      | Reached XP level 2. HP: 15/15 MP: 1/6
   569 | D:1      | Reached XP level 3. HP: 19/19 MP: 3/7
   881 | D:2      | Noticed Robin
   888 | D:2      | Noticed Terence
   900 | D:2      | Slain by Terence

Levels and vault maps discovered:
D:1:      dpeg_arrival_tiny_c, layout_loops_ring
D:2:      layout_loops_ring, yredelemnul_altar_generic, minmay_tetromino_i4,
          uniq_terence, uniq_robin

Action                   || total
-------------------------++-------
Melee: Kick              ||     3
       Unarmed           ||     1
       Whip              ||    10
       Dagger            ||     1
       Peck              ||     1
Throw: Dart              ||    10
 Cast: Flame Tongue      ||    40
 Stab: Sleeping          ||     1
Armor: Robe              ||     9
Dodge: Dodged            ||    21
